APP
OGDEN RAPTORS @ WASHINGTON (APP) NATIONALS
09/26/2045
 
TOP OF THE 1ST
Ogden Raptors batting - Pitching for Washington (APP) Nationals : RHP Greg Hall
Pitching: RHP Greg Hall
Batting: RHB David Watkins 0-0: Called Strike
0-1: Ball
1-1: Foul Ball, location: 2F
1-2: Ball
2-2: Strikes out looking
Batting: RHB Mike Kaczor 0-0: Ball
1-0: Ball
2-0: Called Strike
2-1: Ball
3-1: Fly out, F4 (Popup, 34, EV 74.4 MPH)
Batting: LHB Chris Buchan 0-0: Ball
1-0: Ball
2-0: Ball
3-0: Foul Ball, location: 2F
3-1: Base on Balls
Batting: LHB Mesfin Azagba 0-0: Foul Ball, location: 2F
0-1: Ball
1-1: Foul Ball, location: 2F
1-2: Ball
2-2: Ball
3-2: Strikes out swinging
Top of the 1st over - 0 runs, 0 hits, 0 errors, 1 left on base; Ogden 0 - Washington (APP) 0
BOTTOM OF THE 1ST
Washington (APP) Nationals batting - Pitching for Ogden Raptors : RHP Chris Hodge
Pitching: RHP Chris Hodge
Batting: RHB Bobby Bricker 0-0: Ball
1-0: Swinging Strike
1-1: Ball
2-1: Ball
3-1: Base on Balls
Batting: RHB Chad Madsen 0-0: Foul Ball, location: 2F
0-1: Ball
1-1: Ball
2-1: Ball
3-1: Foul Ball, location: 2F
3-2: Base on Balls
Bobby Bricker to second
Batting: RHB Gregg Huddleston 0-0: Ball
1-0: 3-RUN HOME RUN (Line Drive, 9D, EV 97.5 MPH), Distance : 378 ft
Batting: RHB Antonio Vallez 0-0: Called Strike
0-1: Called Strike
0-2: Ball
1-2: Strikes out looking
Batting: LHB Jim Weidman 0-0: SOLO HOME RUN (Flyball, 9D, EV 99.4 MPH), Distance : 374 ft
Batting: RHB Lamar Thornton 0-0: Ball
1-0: Fly out, F9 (Flyball, 89M, EV 91.2 MPH)
Batting: RHB Steve Kunselman 0-0: Swinging Strike
0-1: Ball
1-1: SINGLE (Flyball, 9S, EV 85.6 MPH)
Batting: RHB Jelexiz Cuenca 0-0: Foul Ball, location: 2F
0-1: Foul Ball, location: 2F
0-2: Strikes out swinging
Bottom of the 1st over - 4 runs, 3 hits, 0 errors, 1 left on base; Ogden 0 - Washington (APP) 4
TOP OF THE 2ND
Ogden Raptors batting - Pitching for Washington (APP) Nationals : RHP Greg Hall
Batting: RHB Djoka Subasic 0-0: Called Strike
0-1: Ball
1-1: Foul Ball, location: 2F
1-2: Foul Ball, location: 2F
1-2: Foul Ball, location: 2F
1-2: Foul Ball, location: 2F
1-2: Strikes out swinging
Batting: RHB Will Barksdale 0-0: Called Strike
0-1: Ground out 4-3 (Groundball, 4, EV 100.6 MPH)
Batting: RHB John Hanson 0-0: Called Strike
0-1: Ball
1-1: Ball
2-1: Foul Ball, location: 2F
2-2: DOUBLE (Line Drive, 9LS, EV 93.8 MPH)
Batting: LHB Bryan Rouse 0-0: Ball
1-0: Foul Ball, location: 2F
1-1: Foul Ball, location: 2F
1-2: Ground out 4-3 (Groundball, 4, EV 103.8 MPH)
Top of the 2nd over - 0 runs, 1 hit, 0 errors, 1 left on base; Ogden 0 - Washington (APP) 4
BOTTOM OF THE 2ND
Washington (APP) Nationals batting - Pitching for Ogden Raptors : RHP Chris Hodge
Batting: RHB Brian Walker 0-0: Ball
1-0: Foul Ball, location: 2F
1-1: Called Strike
1-2: SINGLE (Groundball, 6MD, EV 100.0 MPH)
Batting: RHB Bobby Bricker 0-0: Ball
1-0: Swinging Strike
1-1: Foul Ball, location: 2F
1-2: Ball
2-2: Strikes out looking
Batting: RHB Chad Madsen 0-0: Called Strike
0-1: Ball
1-1: Foul Ball, location: 2F
1-2: Foul Ball, location: 2F
1-2: Ground out 5-3 (Groundball, 56S, EV 66.2 MPH)
Brian Walker to second
Batting: RHB Gregg Huddleston 0-0: Ball
1-0: Swinging Strike
1-1: SINGLE (Groundball, 56S, EV 74.4 MPH) (infield hit)
Brian Walker to third
Batting: RHB Antonio Vallez 0-0: Called Strike
0-1: Swinging Strike
0-2: Strikes out swinging, 2-3 out at first.
Bottom of the 2nd over - 0 runs, 2 hits, 0 errors, 2 left on base; Ogden 0 - Washington (APP) 4
TOP OF THE 3RD
Ogden Raptors batting - Pitching for Washington (APP) Nationals : RHP Greg Hall
Batting: LHB Jordan Amaker 0-0: Ball
1-0: Swinging Strike
1-1: Ball
2-1: Foul Ball, location: 2F
2-2: Foul Ball, location: 2F
2-2: Foul Ball, location: 2F
2-2: SINGLE (Groundball, 4D, EV 105.0 MPH)
Batting: RHB David Watkins 0-0: Ball
1-0: Fly out, F8 (Flyball, 8LM, EV 93.8 MPH)
Batting: RHB Mike Kaczor 0-0: Ball
1-0: SINGLE (Line Drive, 78M, EV 86.9 MPH)
Jordan Amaker to second
Batting: LHB Chris Buchan 0-0: Fielders Choice at 2nd, 1-6 (Groundball, 34S, EV 68.8 MPH)
Jordan Amaker to third
Pitching: RHP Omar Perez
Batting: LHB Mesfin Azagba 0-0: 3-RUN HOME RUN (Flyball, 9D, EV 100.6 MPH), Distance : 398 ft
Batting: RHB Djoka Subasic 0-0: Ball
1-0: Called Strike
1-1: Fly out, F3 (Popup, 34, EV 70.0 MPH)
Top of the 3rd over - 3 runs, 3 hits, 0 errors, 0 left on base; Ogden 3 - Washington (APP) 4
BOTTOM OF THE 3RD
Washington (APP) Nationals batting - Pitching for Ogden Raptors : RHP Chris Hodge
Batting: LHB Jim Weidman 0-0: Ball
1-0: Ball
2-0: Ball
3-0: Base on Balls
Batting: RHB Lamar Thornton 0-0: Fielders Choice at 2nd, 6-4 (Groundball, 6, EV 101.9 MPH)
Batting: RHB Steve Kunselman 0-0: Called Strike
0-1: Ball
1-1: Ball
2-1: Swinging Strike
2-2: Fly out, F8 (Line Drive, 8RD, EV 88.1 MPH)
Batting: RHB Jelexiz Cuenca 0-0: Ball
1-0: Foul Ball, location: 2F
1-1: Foul Ball, location: 2F
1-2: Strikes out swinging
Bottom of the 3rd over - 0 runs, 0 hits, 0 errors, 1 left on base; Ogden 3 - Washington (APP) 4
TOP OF THE 4TH
Ogden Raptors batting - Pitching for Washington (APP) Nationals : RHP Omar Perez
Batting: RHB Will Barksdale 0-0: Ball
1-0: Fly out, F8 (Flyball, 78D, EV 88.8 MPH)
Batting: RHB John Hanson 0-0: Swinging Strike
0-1: Fly out, F7 (Line Drive, 7, EV 89.4 MPH)
Batting: LHB Bryan Rouse 0-0: Foul Ball, location: 2F
0-1: Ball
1-1: Ground out 4-3 (Groundball, 4, EV 103.8 MPH)
Top of the 4th over - 0 runs, 0 hits, 0 errors, 0 left on base; Ogden 3 - Washington (APP) 4
BOTTOM OF THE 4TH
Washington (APP) Nationals batting - Pitching for Ogden Raptors : RHP Chris Hodge
Batting: RHB Brian Walker 0-0: Ball
1-0: Foul Ball, location: 2F
1-1: Foul Ball, location: 2F
1-2: Strikes out swinging
Batting: RHB Bobby Bricker 0-0: Ball
1-0: Foul Ball, location: 2F
1-1: Ball
2-1: Ball
3-1: Base on Balls
Batting: RHB Chad Madsen 0-0: Ball
Bobby Bricker steals 2nd, throwing error, E2
Bobby Bricker to third
1-0: Ball
2-0: Ball
3-0: Called Strike
3-1: Called Strike
3-2: Strikes out swinging
Batting: RHB Gregg Huddleston 0-0: Foul Ball, location: 2F
0-1: Swinging Strike
0-2: Strikes out swinging
Bottom of the 4th over - 0 runs, 0 hits, 1 error, 1 left on base; Ogden 3 - Washington (APP) 4
TOP OF THE 5TH
Ogden Raptors batting - Pitching for Washington (APP) Nationals : RHP Omar Perez
Batting: LHB Jordan Amaker 0-0: Ball
1-0: Swinging Strike
1-1: Swinging Strike
1-2: Strikes out swinging
Batting: RHB David Watkins 0-0: Ball
1-0: TRIPLE (Flyball, 89XD, EV 104.4 MPH)
Batting: RHB Mike Kaczor 0-0: Ball
1-0: Ball
2-0: Called Strike
2-1: Ball
3-1: Swinging Strike
3-2: Strikes out swinging
Pitching: RHP Chris Mosley
Batting: LHB Chris Buchan 0-0: Foul Ball, location: 2F
0-1: Ball
1-1: Swinging Strike
1-2: Strikes out swinging
Top of the 5th over - 0 runs, 1 hit, 0 errors, 1 left on base; Ogden 3 - Washington (APP) 4
BOTTOM OF THE 5TH
Washington (APP) Nationals batting - Pitching for Ogden Raptors : RHP Chris Hodge
Batting: RHB Antonio Vallez 0-0: Called Strike
0-1: Ball
1-1: Ground out 4-3 (Groundball, 4, EV 106.9 MPH)
Batting: LHB Jim Weidman 0-0: Called Strike
0-1: Ground out 6-3 (Groundball, 6M, EV 85.6 MPH)
Batting: RHB Lamar Thornton 0-0: Called Strike
0-1: Foul Ball, location: 2F
0-2: Strikes out looking
Bottom of the 5th over - 0 runs, 0 hits, 0 errors, 0 left on base; Ogden 3 - Washington (APP) 4
TOP OF THE 6TH
Ogden Raptors batting - Pitching for Washington (APP) Nationals : RHP Chris Mosley
Batting: LHB Mesfin Azagba 0-0: SOLO HOME RUN (Line Drive, 78XD, EV 109.4 MPH), Distance : 438 ft
Batting: RHB Djoka Subasic 0-0: Ball
1-0: Ball
2-0: DOUBLE (Flyball, 89D, EV 103.1 MPH)
Pinch Runner at 2nd Ramon Luna:
Batting: RHB Will Barksdale 0-0: Foul Ball, location: 2F
0-1: Fly out, F8 (Flyball, 89D, EV 95.0 MPH)
Batting: RHB John Hanson 0-0: Intentional Walk
Batting: LHB Bryan Rouse 0-0: Swinging Strike
0-1: Ball
1-1: Ground out U3 (Groundball, 3S, EV 88.1 MPH)
Ramon Luna to third
John Hanson to second
Batting: LHB Jordan Amaker 0-0: Called Strike
0-1: Ball
1-1: Ball
2-1: Ball
3-1: Base on Balls
Batting: RHB David Watkins 0-0: Fly out, F9 (Flyball, 9, EV 90.6 MPH)
Top of the 6th over - 1 run, 2 hits, 0 errors, 3 left on base; Ogden 4 - Washington (APP) 4
BOTTOM OF THE 6TH
Washington (APP) Nationals batting - Pitching for Ogden Raptors : RHP Chris Hodge
Now at 2B: Pat Adams
Batting: RHB Steve Kunselman 0-0: Called Strike
0-1: Ball
1-1: Swinging Strike
1-2: Foul Ball, location: 2F
1-2: Ball
2-2: Strikes out swinging
Batting: RHB Jelexiz Cuenca 0-0: Called Strike
0-1: Swinging Strike
0-2: Strikes out looking
Batting: RHB Brian Walker 0-0: Called Strike
0-1: Fly out, F8 (Line Drive, 8LD, EV 101.9 MPH)
Bottom of the 6th over - 0 runs, 0 hits, 0 errors, 0 left on base; Ogden 4 - Washington (APP) 4
TOP OF THE 7TH
Ogden Raptors batting - Pitching for Washington (APP) Nationals : RHP Chris Mosley
Batting: RHB Mike Kaczor 0-0: Ball
1-0: SINGLE (Groundball, 34D, EV 104.4 MPH)
Batting: LHB Chris Buchan 0-0: 2-RUN HOME RUN (Flyball, 89XD, EV 113.1 MPH), Distance : 429 ft
Batting: LHB Mesfin Azagba 0-0: Ball
1-0: Ball
2-0: Called Strike
2-1: Ball
3-1: Base on Balls
Batting: RHB Pat Adams 0-0: Foul Ball, location: 2F
0-1: Foul Ball, location: 2F
0-2: Strikes out swinging
Batting: RHB Will Barksdale 0-0: Swinging Strike
0-1: Ball
1-1: Ball
2-1: Foul Ball, location: 2F
2-2: Foul Ball, location: 2F
2-2: Strikes out swinging
Batting: RHB John Hanson 0-0: DOUBLE (Line Drive, 7LS, EV 108.8 MPH)
Mesfin Azagba to third
Batting: LHB Bryan Rouse 0-0: Intentional Walk
Batting: LHB Jordan Amaker 0-0: Ball
1-0: Ball
2-0: Ball
3-0: Base on Balls
Mesfin Azagba scores
John Hanson to third
Bryan Rouse to second
Batting: RHB David Watkins 0-0: Called Strike
0-1: Fly out, F3 (Popup, 3F, EV 62.5 MPH)
Top of the 7th over - 3 runs, 3 hits, 0 errors, 3 left on base; Ogden 7 - Washington (APP) 4
BOTTOM OF THE 7TH
Washington (APP) Nationals batting - Pitching for Ogden Raptors : RHP Chris Hodge
Batting: RHB Bobby Bricker 0-0: Ball
1-0: Foul Ball, location: 2F
1-1: Ball
2-1: Ball
3-1: Base on Balls
Pitching: RHP Victor Delgado
Batting: RHB Chad Madsen 0-0: Called Strike
Bobby Bricker steals 2nd base (no throw)
0-1: Foul Ball, location: 2F
0-2: Ball
Wild Pitch!
Bobby Bricker to third
1-2: Ground out 6-3 (Groundball, 6, EV 83.8 MPH)
Bobby Bricker scores
Batting: RHB Gregg Huddleston 0-0: Called Strike
0-1: Swinging Strike
0-2: Strikes out swinging
Batting: RHB Antonio Vallez 0-0: Foul Ball, location: 2F
0-1: Foul Ball, location: 2F
0-2: Ball
1-2: Strikes out looking
Bottom of the 7th over - 1 run, 0 hits, 0 errors, 0 left on base; Ogden 7 - Washington (APP) 5
TOP OF THE 8TH
Ogden Raptors batting - Pitching for Washington (APP) Nationals : RHP Chris Mosley
Batting: RHB Mike Kaczor 0-0: Ground out 4-3 (Groundball, 4, EV 93.1 MPH)
Batting: LHB Chris Buchan 0-0: Swinging Strike
0-1: Foul Ball, location: 2F
0-2: Ball
1-2: Strikes out swinging
Batting: LHB Mesfin Azagba 0-0: Ground out 3-1 (Groundball, 34S, EV 85.6 MPH)
Top of the 8th over - 0 runs, 0 hits, 0 errors, 0 left on base; Ogden 7 - Washington (APP) 5
BOTTOM OF THE 8TH
Washington (APP) Nationals batting - Pitching for Ogden Raptors : RHP Victor Delgado
Batting: LHB Jim Weidman 0-0: Called Strike
0-1: DOUBLE (Groundball, 3L, EV 105.0 MPH)
Batting: RHB Lamar Thornton 0-0: SINGLE (Groundball, 34D, EV 106.9 MPH)
Jim Weidman to third
Runner from 3rd tries for Home, SAFE, throw by RF to home
Batting: RHB Steve Kunselman 0-0: Sac Bunt to 3S - play at first, batter OUT! 3-1
Lamar Thornton to second
Batting: RHB Jelexiz Cuenca 0-0: Called Strike
0-1: Ball
1-1: Ball
2-1: Ball
3-1: Base on Balls
Batting: RHB Brian Walker 0-0: Fielders Choice at 2nd, 3-6 (Groundball, 34, EV 100.6 MPH)
Lamar Thornton to third
Batting: RHB Bobby Bricker 0-0: Ball
1-0: Swinging Strike
1-1: Foul Ball, location: 2F
1-2: Ball
2-2: Ball
3-2: Strikes out swinging
Bottom of the 8th over - 1 run, 2 hits, 0 errors, 2 left on base; Ogden 7 - Washington (APP) 6
TOP OF THE 9TH
Ogden Raptors batting - Pitching for Washington (APP) Nationals : RHP Chris Mosley
Batting: RHB Pat Adams 0-0: Ball
1-0: Called Strike
1-1: Foul Ball, location: 2F
1-2: Foul Ball, location: 2F
1-2: Foul Ball, location: 2F
1-2: Ball
2-2: Ground out 6-3 (Groundball, 6, EV 80.6 MPH)
Batting: RHB Will Barksdale 0-0: Ball
1-0: Called Strike
1-1: SOLO HOME RUN (Flyball, 7LD, EV 92.5 MPH), Distance : 351 ft
Batting: RHB John Hanson 0-0: Hit by Pitch
Batting: LHB Bryan Rouse 0-0: Called Strike
0-1: Foul Ball, location: 2F
0-2: Ball
1-2: Ball
2-2: Strikes out swinging
Pitching: RHP Matt Seivert
Batting: LHB Jordan Amaker 0-0: Called Strike
0-1: Foul Ball, location: 2F
0-2: Foul Ball, location: 2F
0-2: Ball
1-2: Ball
2-2: Foul Ball, location: 2F
2-2: Strikes out looking
Top of the 9th over - 1 run, 1 hit, 0 errors, 1 left on base; Ogden 8 - Washington (APP) 6
BOTTOM OF THE 9TH
Washington (APP) Nationals batting - Pitching for Ogden Raptors : RHP Victor Delgado
Batting: RHB Chad Madsen 0-0: Ball
1-0: Fly out, F8 (Flyball, 8LM, EV 93.8 MPH)
Batting: RHB Gregg Huddleston 0-0: Ball
1-0: Swinging Strike
1-1: SINGLE (Line Drive, 5D, EV 102.5 MPH)
Batting: RHB Antonio Vallez 0-0: Called Strike
0-1: Called Strike
0-2: Strikes out looking
Batting: LHB Jim Weidman 0-0: Called Strike
0-1: Ball
1-1: Foul Ball, location: 2F
1-2: SINGLE (Groundball, 34, EV 98.8 MPH)
Gregg Huddleston to second
Batting: RHB Lamar Thornton 0-0: Ball
1-0: Called Strike
1-1: SINGLE (Groundball, 34D, EV 97.5 MPH)
Gregg Huddleston to third
Jim Weidman to second
Batting: RHB Steve Kunselman 0-0: Ball
1-0: Ball
2-0: Called Strike
2-1: Ball
3-1: Foul Ball, location: 2F
3-2: Foul Ball, location: 2F
3-2: Foul Ball, location: 2F
3-2: Ground out 6-3 (Groundball, 6, EV 106.9 MPH)
Bottom of the 9th over - 0 runs, 3 hits, 0 errors, 3 left on base; Ogden 8 - Washington (APP) 6
Wednesday, June 22nd , 2022 - OOTP Baseball 23.4 Build 64